 Dungeon Crawl Stone Soup version 0.23.2-40-g277498a (webtiles) character file.

Game seed: 8302136270443978839

8 CrazyJ the Grave Robber (level 2, 0/22 HPs)
             Began as a Draconian Necromancer on Sept 9, 2019.
             Killed from afar by a dart slug (4 damage)
             ... with a slug dart
             ... on level 1 of the Dungeon.
             The game lasted 00:01:51 (210 turns).

CrazyJ the Grave Robber (Draconian Necromancer)      Turns: 210, Time: 00:01:51

Health: 0/22       AC:  4    Str: 10    XL:     2   Next: 0%
Magic:  3/5        EV: 12    Int: 15    God:
Gold:   10         SH:  0    Dex: 11    Spells: 3/5 levels left

rFire    . . .     SeeInvis .   g - +0 dagger
rCold    . . .     Gourm    .   (no shield)
rNeg     . . .     Faith    .   (armour unavailable)
rPois    .         Spirit   .   (helmet restricted)
rElec    .         Reflect  .   (no cloak)
rCorr    .         Harm     .   (no gloves)
MR       .....                  (no boots)
Stlth    ++........             (no amulet)
HPRegen  0.07/turn              (no ring)
MPRegen  0.09/turn              (no ring)

@: no status effects
A: unfitting armour, cold-blooded, AC +4
a: no special abilities


You were on level 1 of the Dungeon.
You were not hungry.

You visited 1 branch of the dungeon, and saw 1 of its levels.

You collected 10 gold pieces.

Inventory:

Hand Weapons
 g - a +0 dagger (weapon)
Missiles
 f - 6 curare-tipped needles
Potions
 a - 2 potions of berserk rage {unknown}
 c - a potion of lignification {unknown}
 e - a potion of brilliance {unknown}
Comestibles
 b - 2 rations
 d - 2 chunks of flesh


   Skills:
 + Level 0.3 Fighting
 + Level 1.9 Dodging
 - Level 1.7 Stealth
 * Level 2.2 Spellcasting
 * Level 4.1 Necromancy


You had 3 spell levels left.
You knew the following spells:

 Your Spells              Type           Power        Failure   Level  Hunger
a - Pain                  Necr           ##..         4%          1    #......
b - Animate Skeleton      Necr           N/A          4%          1    #......

Your spell library contained the following spells:

 Spells                   Type           Power        Failure   Level  Hunger
 Vampiric Draining        Necr           ##........   12%         3    ###....
 Regeneration             Chrm/Necr      #.........   28%         3    ###....
 Animate Dead             Necr           N/A          36%         4    #####..


Dungeon Overview and Level Annotations

Branches:
Dungeon (1/15)

Altars:


Innate Abilities, Weirdness & Mutations

Your plain brown scales are hard. (AC +4)
You cannot fit into any form of body armour.
You are cold-blooded and may be slowed by cold attacks.


Message History

Aiming: Pain (safe; 4% risk of failure)
Press: ? - help, Shift-Dir - straight line, f - goblin
Aim: a goblin (chance to defeat MR: 85%)
The goblin barely resists.
The goblin closely misses you.
Casting: Pain (safe; 4% risk of failure)
Confirm with . or Enter, or press ? or * to list all spells.
Aiming: Pain (safe; 4% risk of failure)
Press: ? - help, Shift-Dir - straight line, f/p - goblin
Aim: a goblin (chance to defeat MR: 85%)
The goblin writhes in agony.
The goblin barely misses you. The dart slug closely misses you.
Casting: Pain (safe; 4% risk of failure)
Confirm with . or Enter, or press ? or * to list all spells.
Okay, then.
You hit the goblin but do no damage.
The goblin is heavily wounded.
The goblin hits you but does no damage. The dart slug launches a dart at you.
The slug dart hits you.
You die...

#.........#
.#.........#
...##.######
#..##.###############
#..##.#.. ..#.......#
#..##.#.###.#.......#
#..##.#...#.#.......#
..>##.#........$....#
..............Zg@...#
...............w....#
........#.#.#.......#
......#.#.#.#.......#
...#..#...#.#.......#
...##..####.#.......#
......... ..#.......#
≈.......#############
≈≈........


You could see a dart slug, a goblin and a friendly rat skeleton.

Vanquished Creatures
  An ooze (D:1)
  2 goblins (D:1)
  A rat (D:1)
4 creatures vanquished.

Vanquished Creatures (collateral kills)
  A rat (D:1)
1 creature vanquished.

Grand Total: 5 creatures vanquished

Notes
Turn   | Place    | Note
-------+----------+-------------------------------------------
     0 | D:1      | CrazyJ the Draconian Necromancer began the quest for the
                  | Orb.
     0 | D:1      | Reached XP level 1. HP: 14/14 MP: 3/3
    60 | D:1      | Learned a level 1 spell: Animate Skeleton
   153 | D:1      | Reached XP level 2. HP: 5/22 MP: 1/5
   210 | D:1      | Killed from afar by a dart slug

Action                   || total
-------------------------++-------
Melee: Unarmed           ||    21
       Tailslap          ||     2
       Dagger            ||     1
 Cast: Pain              ||     7
       Animate Skeleton  ||     2
Armor: Skin              ||     7
Dodge: Dodged            ||    17
